 Dungeon Crawl Stone Soup version 0.29.1-15-g9cfb28693d (webtiles) character file.

Game seed: 11439940381010048086

89 growler the Insei (level 4, -2/33 HPs)
             Began as a Merfolk Transmuter on Apr 3, 2023.
             Slain by an orc
             ... wielding a staff of fire
              (3 damage)
             ... on level 3 of the Dungeon.
             The game lasted 00:07:21 (3248 turns).

growler the Insei (Merfolk Transmuter)              Turns: 3248, Time: 00:07:22

Health: -2/33      AC:  3    Str: 10    XL:     4   Next: 55%
Magic:  7/8        EV: 13    Int: 14    God:
Gold:   159        SH:  0    Dex: 14    Spells: 2/8 levels left

rFire   . . .      SeeInvis .     - Unarmed
rCold   . . .      Faith    .   (no shield)
rNeg    . . .      Spirit   .   a - +0 robe
rPois   .          Reflect  .   (helmet currently unavailable)
rElec   .          Harm     .   (no cloak)
rCorr   .          Rampage  .   t - +0 pair of gloves
Will    +....                   (boots currently unavailable)
Stlth   +.........              (no amulet)
HPRegen 0.11/turn               i - ring of willpower
MPRegen 0.11/turn               (no ring)

@: appendages
A: horns 2, (nimble swimmer 2), mertail
a: End Transformation


You were on level 3 of the Dungeon.
You had temporarily grown beastly horns.
You visited 1 branch of the dungeon, and saw 3 of its levels.

You collected 159 gold pieces.

Inventory:

Armour
 a - a +0 robe (worn)
 e - a +0 helmet (melded)
 t - a +0 pair of gloves (worn)
Jewellery
 i - a ring of willpower (left hand)
 j - a ring of fire
Wands
 o - a wand of roots (19)
Scrolls
 g - a scroll of immolation {unknown}
 h - a scroll of enchant weapon
 l - a scroll of vulnerability {unknown}
 m - a scroll of teleportation {unknown}
 n - a scroll of acquirement {unknown}
 q - a scroll of silence
 r - a scroll of torment {unknown}
 s - 2 scrolls of fear {unknown}
 u - a scroll of identify
Potions
 b - 3 potions of lignification
 c - a potion of flight
 d - a potion of berserk rage
 f - a potion of ambrosia
 k - 2 potions of curing {unknown}
 p - a potion of haste


   Skills:
 - Level 1.9 Fighting
 - Level 3.3 Dodging
 + Level 4.0 Unarmed Combat
 + Level 2.6 Spellcasting
 + Level 3.8 Transmutations


You had 2 spell levels left.
You knew the following spells:

 Your Spells              Type           Power      Damage    Failure   Level
a - Beastly Appendage     Tmut           24%        N/A       4%          1
b - Wereblood             Tmut           12%        N/A       7%          2
c - Spider Form           Tmut/Pois      7%         N/A       30%         3

Your spell library contained the following spells:

 Spells                   Type           Power      Damage    Failure   Level
 Ice Form                 Ice/Tmut       7%         N/A       69%         4


Dungeon Overview and Level Annotations

Branches:
Dungeon (3/15)

Altars:
Kikubaaqudgha

Annotations:
D:3 Sigmund


Innate Abilities, Weirdness & Mutations

You have temporarily grown beastly horns.
((You are very nimble when in or above water. (Stealth+, EV+, Speed+++)))
Your lower body shifts to a powerful aquatic tail in water.


Message History

The orc shoots a sling bullet.
The sling bullet barely misses you.
The orc shoots a sling bullet.
The sling bullet hits you.
* * * LOW HITPOINT WARNING * * *
The orc shoots a sling bullet.
The sling bullet barely misses you.
Your transformation is almost over.
The orc shoots a sling bullet.
The sling bullet closely misses you.
Sigmund's eyes start glowing with a red light.
The orc shoots a sling bullet.
The sling bullet barely misses you.
You see here a hobgoblin corpse.
The orc shoots a sling bullet.
The sling bullet closely misses you.
The orc shoots a sling bullet.
The sling bullet misses you.
Your horns disappear.
Your +0 helmet unmelds from your body.
Casting: Beastly Appendage (safe; 4% risk of failure)
Confirm with . or Enter, or press ? or * to list all spells.
You grow a pair of large bovine horns.
Your +0 helmet melds into your body.
The orc shoots a sling bullet.
The sling bullet closely misses you.
The orc shoots a sling bullet.
The sling bullet hits you.
* * * LOW HITPOINT WARNING * * *
The orc shoots a sling bullet.
The sling bullet hits you.
* * * LOW HITPOINT WARNING * * *
Sigmund casts a spell.
Sigmund flickers and vanishes!
Deactivating autopickup; reactivate with Ctrl-A.
The orc unwields a +0 sling.
The orc wields a staff of fire.
The orc barely misses you. The orc closely misses you.
You completely miss the orc. The orc misses you.
You hit the orc.
The orc is moderately wounded.
The orc hits you with a staff of fire.
* * * LOW HITPOINT WARNING * * *
Something hits the withered plant.
The withered plant begins to crumble.
The orc closely misses you.
You barely miss the orc. Your headbutt misses the orc.
The orc is moderately wounded.
The orc misses you.
Something hits the withered plant!
You hit the orc.
The orc is heavily wounded.
The orc hits you with a staff of fire.
You die...

#.........#
#......
######.####
#....<. #.#
#...### #.######
#####
#......######
#.###........
#.##P(.PP.P..
#.#P............#
#@.....#P.......#
##o...###..P....#
#P.............#
#..........P...##
#.##.._.)##......
#w#.......#......
#.#########......
#...†...o....#...
######[.w.@..#...


You could see a worm and an orc (fast).

Vanquished Creatures
  An adder (D:2)
  2 worms
  5 dart slugs
  10 endoplasms
  2 giant cockroaches
  3 goblins (D:2)
  7 hobgoblins
  2 jackals (D:3)
  3 quokkas
  3 ball pythons
  6 bats
  4 frilled lizards
  8 kobolds
  5 rats
61 creatures vanquished.

Notes
Turn   | Place    | Note
-------+----------+-------------------------------------------
     0 | D:1      | growler the Merfolk Transmuter began the quest for the Orb.
     0 | D:1      | Reached XP level 1. HP: 15/15 MP: 3/3
   410 | D:1      | Reached XP level 2. HP: 21/21 MP: 5/5
   413 | D:1      | Learned a level 2 spell: Wereblood
   827 | D:1      | Found a faded altar of an unknown god.
   927 | D:1      | Reached XP level 3. HP: 27/27 MP: 6/6
   943 | D:1      | Learned a level 3 spell: Spider Form
  2085 | D:2      | Reached XP level 4. HP: 19/33 MP: 7/7
  3083 | D:3      | Reached skill level 4 in Unarmed Combat
  3181 | D:3      | Found an ancient bone altar of Kikubaaqudgha.
  3217 | D:3      | Noticed Sigmund
  3243 | D:3      | HP: 1/33 [orc/sling bullet (6)]
  3248 | D:3      | Slain by an orc

Illustrated notes

Levels and vault maps discovered:
D:1:      dpeg_arrival_stone_temple_mockup, layout_loops_ring,
          hellmonk_ecumenical_altar_leap_of_faith, kennysheep_decorative_pillar,
          chequers_mini_garden, minmay_domino_4
D:2:      layout_basic, nicolae_figureground_sparkle
D:3:      layout_basic, kiku_gazebo_garden_becter, uniq_sigmund

Skill      XL: |  1  2  3  4 |
---------------+-------------+-----
Transmutations | 3 |  3.8
Dodging        | 3 |  3.3
Unarmed Combat | 4 |  4.0
Fighting       | |  1.9
Spellcasting   | |  2.6

Action                   |  1- 3 |  4- 6 || total
-------------------------+-------+-------++-------
Melee: Unarmed           |   146 |    60 ||   206
       Headbutt          |    17 |     7 ||    24
       Punch             |     2 |       ||     2
 Cast: Beastly Appendage |    20 |    13 ||    33
       Wereblood         |     1 |       ||     1
  Use: Scroll            |       |     5 ||     5
 Stab: Sleeping          |     2 |       ||     2
Armor: Robe              |    32 |    15 ||    47
Dodge: Dodged            |   100 |    57 ||   157
